 Dungeon Crawl Stone Soup version 0.19.5 (webtiles) character file.

12456 Inarius the Blocker (level 11, 0/95 HPs)
             Began as a Minotaur Fighter on May 2, 2017.
             Was a High Priest of Yredelemnul.
             Hit by a javelin of returning thrown by Urug (5 damage)
             ... on level 12 of the Dungeon.
             The game lasted 00:36:41 (9065 turns).

Inarius the Blocker (Minotaur Fighter)              Turns: 9065, Time: 00:36:41

Health: 0/95       AC: 15    Str: 24    XL:     11   Next: 62%
Magic:  3/3        EV: 14    Int:  4    God:    Yredelemnul [*****.]
Gold:   583        SH: 18    Dex: 18    Spells: 1 memorised, 9 levels left

rFire  . . .     SeeInvis .     s - +8 dagger "Zeigoem" {antimagic, Str+3}
rCold  . . .     Gourm    .     h - +4 ring mail "Buasen" {Dex+6}
rNeg   . . .     Faith    .     c - +0 shield
rPois  +         Spirit   .     (helmet restricted)
rElec  .         Reflect  +     G - +0 cloak {rPois}
rCorr  .         Harm     .     V - +0 pair of gloves
MR     +....     Rnd*Rage +     (no boots)
Stlth  +.........               T - +5 amulet of reflection
                                W - +1 ring of slaying
                                p - ring of protection from magic

@: injury mirror, drained
A: retaliatory headbutt, hooves 1, horns 2, molten scales 1, berserk 1, dopey 1,
low mp 1, no device heal 1
a: Recall Undead Slaves, Injury Mirror, Animate Dead, Drain Life, Enslave Soul,
Renounce Religion


You were on level 12 of the Dungeon.
You worshipped Yredelemnul.
Yredelemnul was extremely pleased with you.
You were not hungry.

You visited 1 branch of the dungeon, and saw 12 of its levels.

You collected 637 gold pieces.
You spent 54 gold pieces at shops.

Inventory:

Hand Weapons
 a - a +0 long sword
 s - the +8 dagger "Zeigoem" (weapon) {antimagic, Str+3}
   (You found it on level 4 of the Dungeon)

   It reduces the magical energy of the wielder, and disrupts the spells and
   magical abilities of those hit.
   Natural abilities and divine invocations are not affected.
   It affects your strength (+3).
Armour
 c - a +0 shield (worn)
 h - the +4 ring mail "Buasen" (worn) {Dex+6}
   (You found it on level 4 of the Dungeon)

   It affects your dexterity (+6).
 n - a +3 scale mail
 G - a +0 cloak of poison resistance (worn)
 V - a +0 pair of gloves (worn)
Jewellery
 p - a ring of protection from magic (left hand)
 x - an uncursed ring of protection from magic
 T - a +5 amulet of reflection (around neck)
 W - a +1 ring of slaying (right hand)
Wands
 w - a wand of flame (30/48)
 C - a wand of random effects (27/48)
 H - a wand of lightning (8/15)
 P - a wand of iceblast (7/15)
Scrolls
 b - 4 scrolls of noise
 e - 3 scrolls of fog
 i - a scroll of blinking
 j - 2 scrolls of amnesia {unknown}
 k - 2 scrolls of enchant armour
 l - 4 scrolls of immolation
 o - 2 scrolls of magic mapping {unknown}
 r - 6 scrolls of remove curse
 u - 2 scrolls of fear {unknown}
 D - a scroll of brand weapon {unknown}
 I - a scroll of enchant weapon {unknown}
 M - a scroll of acquirement {unknown}
 Q - a scroll of recharging {unknown}
 S - 4 scrolls of summoning {unknown}
Potions
 d - 2 potions of might
 m - a potion of agility
 q - 3 potions of lignification
 t - a potion of beneficial mutation {unknown}
 z - 3 potions of brilliance {unknown}
 B - a potion of cancellation
 F - 2 potions of mutation
 K - 2 potions of flight {unknown}
 L - 4 potions of curing {unknown}
 O - a potion of heal wounds
 U - a potion of berserk rage {unknown}
Books
 y - a book of Necromancy

   Spells                             Type                      Level
   a - Pain                           Necromancy                   1
   b - Animate Skeleton               Necromancy                   1
   c - Vampiric Draining              Necromancy                   3
   d - Regeneration                   Charms/Necromancy            3
   e - Animate Dead                   Necromancy                   4
   f - Control Undead                 Necromancy                   4
 J - a book of Frost

   Spells                             Type                      Level
   a - Freeze                         Ice                          1
   b - Throw Frost                    Conjuration/Ice              2
   c - Ozocubu's Armour               Charms/Ice                   3
   d - Throw Icicle                   Conjuration/Ice              4
   e - Summon Ice Beast               Ice/Summoning                4
Miscellaneous
 N - a box of beasts
Comestibles
 f - 6 bread rations
 g - 2 beef jerkies
 v - 3 meat rations
 A - 9 royal jellies


   Skills:
 + Level 8.9(7.8) Fighting
 * Level 11.3(10.4) Short Blades
 - Level 5.0(8.3) Long Blades
 + Level 8.2(7.1) Armour
 + Level 6.9(5.9) Dodging
 + Level 1.6(0.7) Stealth
 + Level 11.4(10.2) Shields
 * Level 3.8(2.8) Invocations


You had 9 spell levels left.
You knew the following spells:

 Your Spells              Type           Power        Failure   Level  Hunger
a - Pain                  Necr           #...         98%         1    ##.....


Dungeon Overview and Level Annotations

Branches:
Dungeon (12/15)            Temple (0/1) D:6            Lair (0/6) D:9
    Orc: D:9-12

Altars:
Cheibriados
Dithmenos
Fedhas
Gozag
Kikubaaqudgha
Qazlal
Trog
Vehumet
Yredelemnul
The Shining One

Shops:
D:4 [%   D:6 !

Annotations:
D:12 Urug


Innate Abilities, Weirdness & Mutations

You reflexively headbutt those who attack you in melee.
You have a pair of horns on your head.
You have large cloven feet.
You are partially covered in molten scales. (AC +2)
You tend to lose your temper in combat.
You are dopey. (Int -2)
Your magical capacity is low. (-10% MP)
Potions and wands are less effective at restoring your health.


Message History

Urug hits your orc zombie with a broad axe of electrocution!
Your orc zombie is destroyed!
You offer yourself to Yredelemnul, and are filled with unholy energy.
Your orc zombie hits Urug but does no damage.
You hit Urug. Your kick misses Urug.
Urug is moderately wounded.
Urug hits you with a broad axe of electrocution!!
* * * LOW HITPOINT WARNING * * *
Urug hits your orc zombie with a broad axe of electrocution!!
Your orc zombie is destroyed!
Yredelemnul mirrors your injury!
Urug is severely wounded.
Your orc zombie barely misses Urug.
Urug throws a javelin of returning.
The javelin of returning hits you but does no damage.
The weapon returns to Urug!
Your orc zombie hits Urug but does no damage.
Urug throws a javelin of returning.
The javelin of returning hits you.
You die...
Your body rises from the dead as a mindless zombie.

#### ###'#########
#.## ### #..# #..
##.## #.>. #..#
#....
####)#########
#...##..[..........
#%...#)Zo..........
#.........@.......
#.♣..)...$........
#.................
#....#.............
#...##.............
#....
############## #.>.
#.. ###


You could see Urug and a friendly orc zombie.

Vanquished Creatures
  Josephine (D:11)
  Erica (D:8)
  A centaur warrior (D:10)
  2 hill giants
  The ghost of Azzok the Cleaver, a novice HOFi of Okawaru (D:5)
  3 trolls
  3 two-headed ogres
  A hornet (D:11)
  4 hippogriffs
  4 wraiths (D:11)
  2 yaks (D:10)
  A hungry ghost (D:7)
  Eustachio (D:6)
  2 steam dragons
  2 vampire mosquitoes (D:12)
  3 orc warriors
  Duvessa (D:7)
  5 ice beasts
  2 phantoms
  A sky beast (D:9)
  3 ogres
  A black bear (D:10)
  An eye of draining (D:10)
  3 centaurs
  2 crocodiles
  9 bullfrogs
  A wyvern zombie (D:9)
  2 scorpions
  A water moccasin zombie (D:8)
  Dowan (D:7)
  5 killer bees
  2 howler monkeys (D:10)
  4 wights (D:4)
  6 crimson imps
  3 bullfrog zombies
  2 centaur zombies
  4 hounds
  6 jellies
  Crazy Yiuf (D:7)
  7 orc priests
  3 centaur skeletons
  8 orc wizards
  4 worker ants
  Natasha (thrice) (D:4)
  3 iguanas
  A hound zombie (D:6)
  A hound skeleton (D:5)
  A worker ant zombie (D:8)
  2 howler monkey zombies (D:9)
  8 adders
  3 gnolls (D:6)
  3 howler monkey skeletons
  2 river rats (D:9)
  3 shadow imps
  7 oozes
  2 worms
  2 adder skeletons
  4 dart slugs
  3 leopard geckos
  35 orcs
  5 giant cockroaches
  12 goblins
  13 hobgoblins
  6 jackals
  4 kobolds
  7 quokkas
  A ball python (D:2)
  A ball python zombie (D:6)
  22 bats
  6 frilled lizards
  A jackal zombie (D:6)
  15 rats
296 creatures vanquished.

Vanquished Creatures (collateral kills)
  A yak (D:10)
  A centaur (D:10)
  A bullfrog (D:11)
  A killer bee (D:10)
  An orc wizard (D:10)
  5 orcs
  A giant cockroach (D:5)
  A leopard gecko skeleton (D:7)
  A rat (D:9)
  3 fungi (D:9)
16 creatures vanquished.

Vanquished Creatures (others)
  A vampire (D:12)
  A human zombie (D:8)
  A human (D:3)
  A vampire mosquito zombie (D:12)
  A centaur zombie (D:5)
  A leopard gecko (D:10)
  4 orc zombies (D:12)
10 creatures vanquished.

Grand Total: 322 creatures vanquished

Notes
Turn   | Place    | Note
-------+----------+-------------------------------------------
     0 | D:1      | Inarius the Minotaur Fighter began the quest for the Orb.
     0 | D:1      | Reached XP level 1. HP: 19/19 MP: 0/0
   222 | D:1      | Reached XP level 2. HP: 25/27 MP: 1/1
   552 | D:1      | Reached XP level 3. HP: 22/33 MP: 2/2
  1490 | D:2      | Reached XP level 4. HP: 38/40 MP: 3/3
  1559 | D:2      | Found a blossoming altar of Fedhas.
  1559 | D:2      | Found a basalt altar of Yredelemnul.
  1559 | D:2      | Found a snail-covered altar of Cheibriados.
  1571 | D:2      | Became a worshipper of Yredelemnul the Dark
  1701 | D:3      | Reached skill level 1 in Dodging
  1955 | D:3      | Found a bloodstained altar of Trog.
  1955 | D:3      | Found a glowing golden altar of the Shining One.
  1962 | D:3      | Gained mutation: You tend to lose your temper in combat. [potion of mutation]
  1962 | D:3      | Gained mutation: You have large cloven feet. [potion of mutation]
  1962 | D:3      | Gained mutation: Your movements are slightly less encumbered by armour. (ER -2) [potion of mutation]
  1968 | D:3      | Found a faded altar of an unknown god.
  1970 | D:3      | Found a faded altar of an unknown god.
  1972 | D:3      | Found a radiant altar of Vehumet.
  1992 | D:3      | Reached * piety under Yredelemnul
  1992 | D:3      | Reached skill level 5 in Shields
  2022 | D:3      | Found an ancient bone altar of Kikubaaqudgha.
  2022 | D:3      | Noticed a human
  2027 | D:3      | Killed a human
  2209 | D:3      | Noticed an ogre
  2217 | D:3      | Killed an ogre
  2217 | D:3      | Reached XP level 5. HP: 47/47 MP: 4/4
  2406 | D:4      | Reached XP level 6. HP: 36/53 MP: 5/5
  2723 | D:4      | Reached skill level 5 in Armour
  2871 | D:4      | Noticed Natasha
  2886 | D:4      | Killed Natasha
  2894 | D:4      | Got a transparent ring mail
  2906 | D:4      | Identified the +4 ring mail "Buasen" {Dex+6} (You found it on level 4 of the Dungeon)
  2991 | D:4      | Found Wiwauq's Food Shoppe.
  3046 | D:4      | Got a transparent dagger
  3047 | D:4      | Identified the +8 dagger "Zeigoem" {antimagic, Str+3} (You found it on level 4 of the Dungeon)
  3281 | D:4      | Reached skill level 5 in Long Blades
  3281 | D:4      | Reached XP level 7. HP: 60/60 MP: 2/6
  3337 | D:4      | Found an opulent altar of Gozag.
  3397 | D:4      | Noticed Natasha
  3404 | D:4      | Killed Natasha
  3467 | D:4      | Noticed Natasha
  3471 | D:4      | Killed Natasha
  3471 | D:4      | Reached skill level 1 in Short Blades
  3480 | D:4      | Found Bepicrum's Antique Armour Shop.
  3554 | D:5      | Entered Level 5 of the Dungeon
  3595 | D:5      | Reached skill level 5 in Fighting
  3768 | D:5      | Reached ** piety under Yredelemnul
  3807 | D:5      | Gained mutation: You passively map a small area around you. [potion of mutation]
  3807 | D:5      | Gained mutation: You are dopey. (Int -2) [potion of mutation]
  3887 | D:5      | Noticed Azzok's ghost (novice HOFi)
  3922 | D:5      | Killed Azzok's ghost
  3922 | D:5      | Reached XP level 8. HP: 47/70 MP: 2/7
  4295 | D:6      | Reached skill level 5 in Short Blades
  4311 | D:6      | Found a staircase to the Ecumenical Temple.
  4525 | D:6      | Found Textata's Distillery.
  4532 | D:6      | Bought a potion of mutation for 27 gold pieces
  4532 | D:6      | Bought a potion of mutation for 27 gold pieces
  4532 | D:6      | Gained mutation: Potions and wands are less effective at restoring your health. [potion of mutation]
  4532 | D:6      | Gained mutation: You are partially covered in molten scales. (AC +2) [potion of mutation]
  4532 | D:6      | Lost mutation: You passively map a small area around you. [potion of mutation]
  4533 | D:6      | Lost mutation: Your movements are slightly less encumbered by armour. (ER -2) [potion of mutation]
  4533 | D:6      | Gained mutation: Your magical capacity is low. (-10% MP) [potion of mutation]
  4535 | D:6      | Noticed Eustachio
  4544 | D:6      | Killed Eustachio
  4577 | D:6      | Reached XP level 9. HP: 55/75 MP: 2/7
  4703 | D:6      | Found a shadowy altar of Dithmenos.
  4721 | D:6      | Found a stormy altar of Qazlal.
  5051 | D:7      | Noticed Duvessa
  5051 | D:7      | Noticed Dowan
  5061 | D:7      | Reached *** piety under Yredelemnul
  5072 | D:7      | Killed Dowan
  5075 | D:7      | Killed Duvessa
  5188 | D:7      | Reached skill level 1 in Invocations
  5545 | D:7      | Found a runed door.
  5549 | D:7      | Noticed Crazy Yiuf
  5553 | D:7      | Killed Crazy Yiuf
  6032 | D:8      | Reached skill level 5 in Dodging
  6032 | D:8      | Reached XP level 10. HP: 84/86 MP: 2/8
  6042 | D:8      | Noticed Erica
  6055 | D:8      | Killed Erica
  6163 | D:8      | Reached skill level 1 in Stealth
  6171 | D:8      | Your ally Erica died
  6174 | D:8      | Reached **** piety under Yredelemnul
  6215 | D:8      | Learned a level 1 spell: Pain
  6285 | D:8      | Received a gift from Yredelemnul (a mummy)
  6860 | D:9      | Reached skill level 10 in Short Blades
  7194 | D:9      | Reached skill level 10 in Shields
  7212 | D:9      | Received a gift from Yredelemnul (a mummy)
  7363 | D:9      | Received a gift from Yredelemnul (a mummy)
  7500 | D:9      | Found a staircase to the Lair.
  7636 | D:10     | Entered Level 10 of the Dungeon
  7727 | D:10     | Received a gift from Yredelemnul (a wraith)
  7774 | D:10     | Noticed a hill giant
  7783 | D:10     | Killed a hill giant
  7783 | D:10     | Reached XP level 11. HP: 71/94 MP: 3/10
  7899 | D:10     | Reached ***** piety under Yredelemnul
  7923 | D:10     | Noticed a centaur warrior
  7939 | D:10     | Killed a centaur warrior
  8467 | D:11     | Noticed Josephine
  8490 | D:11     | Killed Josephine
  8769 | D:11     | Received a gift from Yredelemnul (a wight)
  8903 | D:11     | Noticed a hill giant
  8909 | D:11     | Killed a hill giant
  9010 | D:12     | Received a gift from Yredelemnul (a vampire)
  9043 | D:12     | Noticed Urug
  9061 | D:12     | HP: 4/95 [Urug/broad axe of electrocution (21)]
  9065 | D:12     | Hit by a javelin of returning thrown by Urug

Skill      XL: |  1  2  3  4  5  6  7  8  9 10 11 |
---------------+----------------------------------+-----
Shields        | 4 5 6 7 8 10 11 | 11.4
Armour         | 4 5 6 7 8 |  8.2
Fighting       | 4 5 6 7 8 |  8.9
Long Blades    | 3 4 5 |  5.0
Dodging        | 1 2 3 5 6 |  6.9
Short Blades   | 4 6 9 10 11 | 11.3
Invocations    | 1 2 3 |  3.8
Stealth        | 1 |  1.6

Action                   |  1- 3 |  4- 6 |  7- 9 | 10-12 || total
-------------------------+-------+-------+-------+-------++-------
Melee: Long sword        |   122 |    83 |       |       ||   205
       Headbutt          |    18 |    24 |    90 |   118 ||   250
       Kick              |       |    21 |   136 |   166 ||   323
       Dagger            |       |    18 |   279 |   407 ||   704
Invok: Animate Remains   |       |       |     3 |       ||     3
       Animate Dead      |       |       |     1 |     8 ||     9
       Injury Mirror     |       |       |       |     2 ||     2
  Use: Scroll            |       |     8 |     2 |     2 ||    12
       Potion            |       |     1 |     3 |       ||     4
 Stab: Distracted        |       |       |       |     2 ||     2
  Eat: Chunk             |     2 |     4 |     9 |     5 ||    20
       Pizza             |       |     1 |       |       ||     1
       Bread ration      |       |       |     1 |       ||     1
       Meat ration       |       |       |       |     1 ||     1
       Royal jelly       |       |       |       |     1 ||     1
Armor: Scale mail        |    54 |    28 |       |       ||    82
       Chain mail        |     7 |       |       |       ||     7
       Ring mail         |       |     6 |    71 |    59 ||   136
Dodge: Dodged            |    37 |    36 |    82 |    90 ||   245
Block: Shield            |    94 |    50 |   130 |   180 ||   454
       Reflection        |       |       |       |     3 ||     3
       Rpst.: Long sword |    12 |    10 |       |       ||    22
